 Dungeon Crawl Stone Soup version 0.29-a0-322-g68df515428 (webtiles) character file.

Game seed: 17753612347227790847

223 bande the Skirmisher (level 6, -4/39 HPs)
             Began as a Gargoyle Fighter on Apr 6, 2022.
             Was an Initiate of Okawaru.
             Slain by an ice beast (12 damage)
             ... on level 4 of the Dungeon.
             The game lasted 00:05:39 (3538 turns).

bande the Skirmisher (Gargoyle Fighter)             Turns: 3538, Time: 00:05:40

Health: -4/39      AC: 18    Str: 20    XL:     6   Next: 0%
Magic:  6/6        EV:  7    Int:  8    God:    Okawaru [......]
Gold:   277        SH:  7    Dex: 11    Spells: 5/5 levels left

rFire   . . .      SeeInvis .   a - +0 war axe (vorpal)
rCold   . . .      Faith    .   l - +3 buckler {reflect}
rNeg    + . .      Spirit   .   r - +0 chain mail
rPois   ∞          Reflect  +   f - +0 helmet
rElec   +          Harm     .   m - +2 cloak
rCorr   +          Rampage  .   (no gloves)
Will    .....                   (no boots)
Stlth   ..........              (no amulet)
HPRegen 0.13/turn               g - ring of resist corrosion
MPRegen 0.10/turn               (no ring)

@: no status effects
A: sickness immunity, AC +4, negative energy resistance 1, electricity
resistance, torment resistance 1, petrification resistance
a: Renounce Religion


You were on level 4 of the Dungeon.
You worshipped Okawaru.
Okawaru was noncommittal.
You visited 2 branches of the dungeon, and saw 5 of its levels.

You collected 277 gold pieces.

Inventory:

Hand Weapons
 a - a +0 vorpal war axe (weapon)
 c - a +0 war axe
Armour
 f - a +0 helmet (worn)
 l - a +3 buckler of reflection (worn)
 m - a +2 cloak (worn)
 r - a +0 chain mail (worn)
Jewellery
 g - a ring of resist corrosion (left hand)
Scrolls
 n - a scroll of magic mapping
 p - a scroll of teleportation
Potions
 b - a potion of curing {unknown}
 d - a potion of might
 e - 2 potions of flight
 h - a potion of resistance {unknown}
 i - a potion of haste {unknown}
 k - 2 potions of heal wounds {unknown}
 q - a potion of mutation {unknown}


   Skills:
 + Level 4.4 Fighting
 + Level 3.8 Axes
 + Level 4.0 Armour
 + Level 4.1 Shields
 * Level 1.0 Invocations


You had 5 spell levels left.
You didn't know any spells.
Your spell library was empty.

Dungeon Overview and Level Annotations

Branches:
Dungeon (4/15)             Temple (1/1) D:4

Altars:
Fedhas
Gozag
Hepliaklqana
Makhleb
Nemelex Xobeh
Okawaru
Ru
Sif Muna
Trog
Uskayaw
Vehumet
Wu Jian
Xom
Zin
The Shining One

Shops:
D:4 :


Innate Abilities, Weirdness & Mutations

You are immune to sickness and miasma.
Your stone body is resilient. (AC +4)
You are immune to poison.
You resist negative energy. (rN+)
You are resistant to electric shocks. (rElec)
You are resistant to unholy torment.
You are immune to petrification.


Message History

You slash the iguana!
The iguana is severely wounded.
You hit the ice beast.
The iguana bites you but does no damage.
The ice beast barely misses you.
The ice beast hits you but does no damage.
The iguana bites you but does no damage.
You hit the ice beast but do no damage.
The ice beast is moderately wounded.
You barely miss the iguana. You miss the kobold.
The iguana completely misses you. You block the ice beast's attack.
The kobold hits you but does no damage.
Unknown command.
You slash the ice beast!
The ice beast is heavily wounded.
You closely miss the kobold. You slash the iguana!
You kill the iguana!
Okawaru accepts your kill.
The ice beast hits you but does no damage.
You block the kobold's attack.
Your Armour skill increases to level 4!
Your Invocations skill increases to level 1!
You closely miss the ice beast.
The ice beast is heavily wounded.
You hit the kobold.
You kill the kobold!
Okawaru accepts your kill. The ice beast hits you. The ice beast freezes you.
You block the ice beast's attack.
You have reached level 6!
You barely miss the ice beast.
The ice beast is heavily wounded.
The ice beast hits you. The ice beast freezes you!
* * * LOW HITPOINT WARNING * * *
You closely miss the ice beast.
The ice beast is heavily wounded.
The ice beast hits you.
* * * LOW HITPOINT WARNING * * *
The ice beast freezes you!
You die...

#..## .#####...##
#....
##...##...##
#._..
##.....##...##
#....
##.......##...#
#..##
.!.....∩........#
####.
.?##.......##...#
##
...##.....##...#
#...##...##@Y.#
#...#####..)##
... #...###...##
#. .. #
###...#...## #.
..# # #.##.....##
#.##.# #
#.###...##
##..... #
#.#.##'##
......## ###
#......#
#..<###..
###.####
#.#......


You could see an ice beast.

Vanquished Creatures
  A hound (D:4)
  Terence (D:3)
  An iguana (D:4)
  6 adders
  2 worms
  5 dart slugs
  3 orcs
  4 ball pythons
  5 bats
  6 endoplasms
  6 giant cockroaches
  7 goblins
  3 hobgoblins
  4 jackals (D:2)
  3 frilled lizards
  11 kobolds
  6 rats
74 creatures vanquished.

Vanquished Creatures (others)
  A fungus (D:1)
1 creature vanquished.

Grand Total: 75 creatures vanquished

Notes
Turn   | Place    | Note
-------+----------+-------------------------------------------
     0 | D:1      | bande the Gargoyle Fighter began the quest for the Orb.
     0 | D:1      | Reached XP level 1. HP: 14/14 MP: 1/1
    90 | D:1      | Found a faded altar of an unknown god.
   808 | D:1      | Reached XP level 2. HP: 19/19 MP: 2/2
  1162 | D:2      | Reached XP level 3. HP: 21/23 MP: 3/3
  1489 | D:2      | Identified a scroll of acquirement
  1489 | D:2      | Acquired a +2 buckler of reflection
  1593 | D:2      | Reached XP level 4. HP: 29/29 MP: 4/4
  2126 | D:3      | Noticed Terence
  2132 | D:3      | Killed Terence
  2314 | D:3      | Reached XP level 5. HP: 33/33 MP: 5/5
  2750 | D:4      | Found a staircase to the Ecumenical Temple.
  2776 | Temple   | Entered the Ecumenical Temple
  3031 | Temple   | Became a worshipper of Warmaster Okawaru
  3148 | D:4      | Found a shimmering altar of Xom.
  3518 | D:4      | Noticed an ice beast
  3519 | D:4      | Found Puahiuso's Book Shoppe.
  3536 | D:4      | Reached skill level 1 in Invocations
  3537 | D:4      | Reached XP level 6. HP: 25/39 MP: 6/6
  3538 | D:4      | Slain by an ice beast

Illustrated notes

Levels and vault maps discovered:
D:1:      amcnicky_arrival_choice, layout_loops_ring,
          shapermc_ecumenical_altar_acropolis, chequers_serial_rivers_large_b
D:2:      layout_loops_cross, kennysheep_generic_room_13
D:3:      minmay_wonky_spiral, layout_basic, minmay_misc_feat_enclosed,
          uniq_terence
D:4:      layout_loops_cross, mainiacjoe_overflow_alcove_1,
          minmay_temple_entry_mini_moons, wad_floor_pattern_1,
          kennysheep_diamond, st_stairs_3, uniq_menkaure
Temple:   mainiacjoe_temple_trianglar_array

Skill      XL: |  1  2  3  4  5 |
---------------+----------------+-----
Axes           | 2 3 |  3.8
Fighting       | 4 |  4.4
Shields        | 4 |  4.1
Armour         | 4 |  4.0
Invocations    | 1 |  1.0

Action                   |  1- 3 |  4- 6 || total
-------------------------+-------+-------++-------
Melee: War axe           |    90 |   106 ||   196
  Use: Scroll            |     8 |     5 ||    13
Armor: Scale mail        |    48 |    38 ||    86
       Chain mail        |       |    16 ||    16
Dodge: Dodged            |    38 |    33 ||    71
Block: Buckler           |    17 |    39 ||    56
       Reflection        |       |     2 ||     2

Table legend: (Time is in decaauts)
 A = Elapsed time spent in this place.
 B = Non-inter-level travel time spent in this place.
 C = Inter-level travel time spent in this place.
 D = Time resting spent in this place.
 E = Time spent auto-exploring this place.
 F = Levels seen in this place.
 G = Mean time per level.
                   A        B        C        D        E       F      G
               +--------+--------+--------+--------+--------+-----+--------+
         Total |   3643 |   3608 |     35 |      0 |   2832 |   5 |  728.6 |
       Dungeon |   3351 |   3351 |      0 |      0 |   2582 |   4 |  837.8 |
        Temple |    291 |    256 |     35 |      0 |    250 |   1 |  291.0 |
               +--------+--------+--------+--------+--------+-----+--------+

Top non-repeatable levels by time:
     D:1: 1040 daAuts
     D:3: 930 daAuts
     D:2: 857 daAuts
     D:4: 523 daAuts
  Temple: 291 daAuts
